 Dungeon Crawl Stone Soup version 0.31-a0-971-g75a2e9a4b4 (webtiles) character file.

Game seed: 16304273577506685106

2691 jestert79 the Basher (level 9, -2/56 (64) HPs)
             Began as a Formicid Fighter on Oct 28, 2023.
             Was a Plaything of Xom.
             Slain by an orange demon (6 damage)
             ... led by Amaemon
             ... on level 8 of the Dungeon.
             The game lasted 00:16:38 (7420 turns).

jestert79 the Basher (Formicid Fighter)             Turns: 7420, Time: 00:16:38

HP:   -2/56 (64)    AC:  8    Str: 24    XL:     9   Next: 96%
MP:   9/9           EV:  9    Int:  9    God:    Xom [.....*]
Gold: 446           SH:  5    Dex: 13    Spells: 8/8 levels left

rFire   + . .        a - +0 flail
rCold   + . .        c - +0 buckler
rNeg    . . .        b - +0 scale mail
rPois   .            (helmet unavailable)
rElec   .            y - +0 cloak
rCorr   .            (no gloves)
SInv    +            (no boots)
Will    .....        (no amulet) Stlth
                     e - ring of protection from cold
HPRegen 0.29/turn    r - ring of protection from fire
MPRegen 0.11/turn

%: no passive effects
@: lethally poisoned (-2 -> -10), weakened, heavily drained
A: permanent stasis, dig shafts and tunnels, antennae 3, four strong arms
a: Dig, Shaft Self, Renounce Religion


You were on level 8 of the Dungeon.
You worshipped Xom.
You were Xom's teddy bear.
You visited 1 branch of the dungeon, and saw 8 of its levels.

You collected 446 gold pieces.

Inventory:

Hand Weapons
 a - a +0 flail (weapon)
Missiles
 i - 10 javelins
Armour
 b - a +0 scale mail (worn)
 c - a +0 buckler (worn)
 y - a +0 cloak (worn)
Jewellery
 e - a ring of protection from cold (left hand)
 j - a ring of ice
 r - a ring of protection from fire (right hand)
 z - a ring of positive energy
 I - a ring of resist corrosion
Wands
 k - a wand of quicksilver (15)
 t - a wand of roots (11)
 u - a wand of paralysis (6)
 w - a wand of flame (30)
Scrolls
 f - 3 scrolls of identify
 g - a scroll of brand weapon {unknown}
 h - a scroll of vulnerability {unknown}
 l - 2 scrolls of revelation {unknown}
 n - 5 scrolls of teleportation {unknown}
 o - a scroll of enchant weapon {unknown}
 p - 4 scrolls of blinking {unknown}
 s - 2 scrolls of fog {unknown}
 x - a scroll of noise {unknown}
 B - a scroll of enchant armour {unknown}
Potions
 d - 2 potions of might
 m - a potion of lignification
 q - 2 potions of mutation
 A - a potion of invisibility
 C - a potion of degeneration
 D - a potion of haste
 E - a potion of heal wounds
 F - a potion of enlightenment {unknown}
 G - a potion of brilliance {unknown}
 H - 3 potions of curing {unknown}
Miscellaneous
 v - a phantom mirror


   Skills:
 - Level 3.2 Fighting
 + Level 12.9 Maces & Flails
 - Level 3.2 Armour
 - Level 4.0 Shields


You had 8 spell levels left.
You didn't know any spells.
Your spell library contained the following spells:

 Spells                   Type           Power      Damage    Failure   Level
 Freeze                   Ice            0%         1d3       75%         1
 Sting                    Tmut/Pois      0%         1d3       75%         1
 Lesser Beckoning         Tloc           0%         N/A       87%         2
 Momentum Strike          Conj/Tloc      0%         3d8       87%         2
 Poisonous Vapours        Pois/Air       0%         N/A       87%         2
 Frozen Ramparts          Ice            0%         1d1       98%         3
 Hailstorm                Conj/Ice       0%         3d3       98%         3
 Olgreb's Toxic Radiance  Pois           0%         N/A       100%        4
 Blink                    Tloc           Unusable   N/A       N/A         2

Dungeon Overview and Level Annotations

Branches:
Dungeon (8/15)             Temple (0/1) D:5
   Lair: D:8-11

Altars:
Cheibriados
Dithmenos
Gozag
Makhleb
Okawaru
Uskayaw
Xom
Yredelemnul
Zin


Innate Abilities, Weirdness & Mutations

You cannot be hasted, slowed, berserked, paralysed or teleported.
You can dig through walls and to a lower floor.
You have a pair of large antennae on your head. (SInv)
Your four strong arms can wield two-handed weapons with a shield.


Message History

You barely miss the orange demon.
The orange demon is heavily wounded.
You feel sick. Xom almost notices you.
Nothing appears to happen...
Ominous!
You are now Xom's teddy bear.
The orange demon closely misses you. You block the orange demon's attack.
You completely miss the orange demon.
The orange demon is heavily wounded.
You feel sick. The orange demon stings you!
You are lethally poisoned!
The orange demon poisons you!
The orange demon hits you but does no damage.
You sock the orange demon!
The orange demon is severely wounded.
You feel very sick.
Unknown command.
You hit the orange demon but do no damage.
The orange demon is severely wounded.
* * * LOW HITPOINT WARNING * * *
You feel very sick. You block the orange demon's attack.
The orange demon hits you.
* * * LOW HITPOINT WARNING * * *
You feel as though you will be weak longer.
You hit the orange demon.
The orange demon is severely wounded.
* * * LOW HITPOINT WARNING * * *
You feel very sick.
The orange demon stings you but does no damage.
The orange demon hits you.
* * * LOW HITPOINT WARNING * * *
You sock the orange demon!
The orange demon is almost dead.
* * * LOW HITPOINT WARNING * * *
You feel sick. The orange demon closely misses you.
You block the orange demon's attack.
Unknown command.
* * * LOW HITPOINT WARNING * * *
You feel sick. The orange demon stings you.
You die...

##..#..........)...
##.......#.......##.
#.....##.........##.
######....##............
#.........##...######..#
...........#.....##.^...
##.....................#
#.......................
##....@4...........##..
#......................
......................##
..................##..##
...................##..#
.).....#..##.......#..##
.....###.#............ #
##...##........_..).. ..
.................#. #..


You could see an orange demon.

Vanquished Creatures
  Prince Ribbit (D:6)
  Menkaure (D:7)
  2 water moccasins
  3 sky beasts (D:7)
  A black bear (D:5)
  2 ice beasts
  2 centaurs
  3 phantoms
  A kobold brigand (D:6)
  2 bullfrogs (D:7)
  A scorpion (D:5)
  A wight (D:8)
  2 jellies
  Crazy Yiuf (D:4)
  7 hounds
  2 sleepcaps
  A gnoll bouda (D:6)
  4 iguanas
  An orc wizard (D:5)
  Robin (D:3)
  11 gnolls
  8 adders
  A shadow imp (D:6)
  4 ufetubi
  A worm (D:2)
  A dart slug (D:4)
  9 orcs
  10 endoplasms
  6 giant cockroaches
  21 goblins
  8 hobgoblins
  17 jackals
  15 kobolds
  A quokka (D:1)
  4 ball pythons
  4 bats
  3 frilled lizards
  3 rats
166 creatures vanquished.

Vanquished Creatures (collateral kills)
  A centaur (D:5)
1 creature vanquished.

Vanquished Creatures (others)
  An orc wizard (D:5)
1 creature vanquished.

Grand Total: 168 creatures vanquished

Notes
Turn   | Place    | Note
-------+----------+-------------------------------------------
     0 | D:1      | jestert79 the Formicid Fighter began the quest for the Orb.
     0 | D:1      | Reached XP level 1. HP: 18/18 MP: 1/1
   109 | D:1      | Reached XP level 2. HP: 19/24 MP: 2/2
   259 | D:1      | Reached skill level 3 in Maces & Flails
   563 | D:1      | Reached XP level 3. HP: 29/29 MP: 3/3
  1086 | D:2      | Reached skill level 4 in Maces & Flails
  1086 | D:2      | Reached XP level 4. HP: 35/35 MP: 4/4
  1460 | D:3      | Found a shimmering altar of Xom.
  1483 | D:3      | Became a worshipper of Xom of Chaos
  1542 | D:3      | Noticed Robin
  1701 | D:3      | XOM: divination: detect items
  1751 | D:3      | Noticed a phantom
  1753 | D:3      | Reached XP level 5. HP: 41/41 MP: 5/5
  1769 | D:3      | XOM: divination: detect items
  1779 | D:3      | Killed a phantom
  1780 | D:3      | Reached skill level 5 in Maces & Flails
  1842 | D:3      | Killed Robin
  1877 | D:3      | Reached XP level 6. HP: 29/47 MP: 6/6
  2002 | D:3      | XOM: silly message
  2065 | D:3      | XOM: noise
  2265 | D:3      | Identified the +8 rapier of the Howling Fox {elec, Fragile
                  | Int+2 Dex+4}
  2347 | D:4      | Reached skill level 6 in Maces & Flails
  2378 | D:4      | Found a shadowy altar of Dithmenos.
  2500 | D:4      | Found a runed translucent door.
  2501 | D:4      | Noticed Crazy Yiuf
  2555 | D:4      | XOM: noise
  2632 | D:4      | Found a snail-covered altar of Cheibriados.
  2644 | D:4      | Found a hide-covered altar of Uskayaw.
  2644 | D:4      | Found an iron altar of Okawaru.
  2762 | D:4      | Reached skill level 7 in Maces & Flails
  2762 | D:4      | Reached XP level 7. HP: 49/52 MP: 7/7
  2870 | D:4      | XOM: confuse monster(s)
  3208 | D:4      | Killed Crazy Yiuf
  3284 | D:5      | Entered Level 5 of the Dungeon
  3324 | D:5      | Reached skill level 8 in Maces & Flails
  3349 | D:5      | Noticed a water moccasin
  3351 | D:5      | XOM: god gift: wand of quicksilver (6)
  3360 | D:5      | Killed a water moccasin
  3361 | D:5      | Reached XP level 8. HP: 36/58 MP: 8/8
  3613 | D:5      | Identified the +5 giant club "Umergh" {spect, Will+} (Xom
                  | gifted it to you on level 5 of the Dungeon)
  3613 | D:5      | XOM: god gift: +5 giant club "Umergh" {chaos, Will+}
  3705 | D:5      | XOM is BORED!
  3705 | D:5      | XOM: torment (29/58 hp)
  3904 | D:5      | Reached skill level 9 in Maces & Flails
  3921 | D:5      | XOM: cleaving
  3924 | D:5      | XOM: summons 3 friendly demons
  4177 | D:5      | XOM: god gift: scale mail {god gift}
  4179 | D:5      | XOM: cleaving
  4266 | D:5      | XOM: blink monster(s)
  4318 | D:5      | Found a staircase to the Ecumenical Temple.
  4421 | D:5      | Reached skill level 10 in Maces & Flails
  4663 | D:5      | XOM: silly message
  4665 | D:5      | XOM: silly message
  4863 | D:5      | XOM: silly message
  5013 | D:6      | XOM: noise
  5129 | D:6      | XOM: potion effect (attraction)
  5133 | D:6      | XOM: potion effect (brilliance)
  5135 | D:6      | Reached XP level 9. HP: 46/64 MP: 9/9
  5242 | D:6      | XOM: noise
  5268 | D:6      | Noticed Prince Ribbit
  5272 | D:6      | XOM: enchant monster (good)
  5277 | D:6      | XOM: smoke on damage
  5281 | D:6      | XOM: noise
  5285 | D:6      | Killed Prince Ribbit
  5286 | D:6      | Reached skill level 11 in Maces & Flails
  5973 | D:6      | XOM: divination: detect items
  6161 | D:6      | Found a glowing silver altar of Zin.
  6231 | D:7      | XOM: potion effect (invisibility)
  6286 | D:7      | Noticed Menkaure
  6301 | D:7      | Killed Menkaure
  6302 | D:7      | Reached skill level 12 in Maces & Flails
  6649 | D:7      | XOM: potion effect (might)
  7382 | D:8      | Found a burning altar of Makhleb.
  7388 | D:8      | Found a basalt altar of Yredelemnul.
  7388 | D:8      | Found an opulent altar of Gozag.
  7392 | D:8      | Noticed an orange demon
  7414 | D:8      | XOM: silly message
  7420 | D:8      | Slain by an orange demon

Illustrated notes

Levels and vault maps discovered:
D:1:      dpeg_arrival_pond, layout_basic, feat_on_display
D:2:      layout_rooms
D:3:      layout_rooms, xom_teletrap_fun, dk_noncrumbling_3,
          kennysheep_crisscross, minmay_quadrilaterals, uniq_robin
D:4:      minmay_octagon_keep, layout_cave_pools,
          gammafunk_temple_overflow_forgotten, nicolae_dithmenos_shadow_blocks,
          uniq_crazy_yiuf_cottage
D:5:      layout_basic, minmay_temple_entry_statues, wad_rectangle_vault
D:6:      layout_loops_ring, zin_scriptorium, hex_large, uniq_prince_ribbit1
D:7:      layout_cave_pools, serial_park, serial_park_avenue1, serial_park_paths
          [serial_park_minivault_5x5_7], uniq_menkaure
D:8:      layout_cave_pools, grunt_temple_overflow_open, serial_bayou_pond_e,
          uniq_amaemon

Skill      XL: |  1  2  3  4  5  6  7  8  9 |
---------------+----------------------------+-----
Maces & Flails | 3 4 5 7 8 10 12 | 12.9
Fighting       | |  3.2
Armour         | |  3.2
Shields        | |  4.0

Action                     |  1- 3 |  4- 6 |  7- 9 || total
---------------------------+-------+-------+-------++-------
  Melee: Flail             |    89 |   207 |   372 ||   668
    Use: Potion            |       |       |     4 ||     4
         Scroll            |       |       |     4 ||     4
   Stab: Invisible         |       |       |     2 ||     2
 Armour: Scale mail        |    60 |   155 |   262 ||   477
         Skin              |       |       |    51 ||    51
  Dodge: Dodged            |    51 |   107 |   137 ||   295
  Block: Buckler           |    23 |    49 |    95 ||   167

Table legend: (Time is in decaauts)
 A = Elapsed time spent in this place.
 B = Non-inter-level travel time spent in this place.
 C = Inter-level travel time spent in this place.
 D = Time resting spent in this place.
 E = Time spent auto-exploring this place.
 F = Levels seen in this place.
 G = Mean time per level.
                   A        B        C        D        E       F      G
               +--------+--------+--------+--------+--------+-----+--------+
         Total |   7448 |   7103 |    345 |   1333 |   4265 |   8 |  931.0 |
       Dungeon |   7448 |   7103 |    345 |   1333 |   4265 |   8 |  931.0 |
               +--------+--------+--------+--------+--------+-----+--------+

Top non-repeatable levels by time:
     D:5: 1781 daAuts
     D:6: 1134 daAuts
     D:7: 992 daAuts
     D:1: 963 daAuts
     D:4: 952 daAuts
     D:3: 824 daAuts
     D:2: 606 daAuts
     D:8: 191 daAuts
